 Dungeon Crawl Stone Soup version 0.22-a0-93-g6b88ebb (webtiles) character file.

74 lemonriz the Changer (level 4, -6/35 HPs)
             Began as a Draconian Transmuter on Jan 24, 2018.
             Mangled by KristoblXynda's ghost (11 damage)
             ... on level 3 of the Dungeon.
             The game lasted 00:02:56 (1577 turns).

lemonriz the Changer (Draconian Transmuter)         Turns: 1577, Time: 00:02:57

Health: -6/35      AC:  5    Str: 10 (12) XL:     4   Next: 9%
Magic:  5/7        EV: 12    Int: 12 (14) God:
Gold:   109        SH:  0    Dex: 11 (12) Spells: 1/7 levels left

rFire    . . .     SeeInvis .     - Unarmed
rCold    . . .     Gourm    .   (no shield)
rNeg     . . .     Faith    .   (armour unavailable)
rPois    .         Spirit   .   (helmet restricted)
rElec    .         Reflect  .   (no cloak)
rCorr    .         Harm     .   (no gloves)
MR       .....     Rnd*Tele +   (no boots)
Stlth    +.........             (no amulet)
HPRegen  0.11/turn              q - ring of teleportation (curse)
MPRegen  0.10/turn              (no ring)

@: very slightly contaminated
A: unfitting armour, cold-blooded, AC +5
a: no special abilities


You were on level 3 of the Dungeon.
You were hungry.

You visited 1 branch of the dungeon, and saw 3 of its levels.

You collected 109 gold pieces.

Inventory:

Missiles
 a - 11 arrows
Jewellery
 q - a cursed ring of teleportation (left hand)
Scrolls
 d - 2 scrolls of identify {unknown}
 i - a scroll of enchant armour {unknown}
 l - a scroll of fear {unknown}
 m - a scroll of random uselessness {unknown}
 n - a scroll of magic mapping {unknown}
 o - a scroll of fog {unknown}
 r - a scroll of amnesia {unknown}
Potions
 g - a potion of curing
Books
 b - a book of Changes

   Spells                             Type                      Level
   a - Beastly Appendage              Transmutation                1
   b - Sticks to Snakes               Transmutation                2
   c - Spider Form                    Transmutation/Poison         3
   d - Ice Form                       Ice/Transmutation            4
   e - Blade Hands                    Transmutation                5
Comestibles
 c - 5 rations
 p - a chunk of flesh


   Skills:
 - Level 1.1 Fighting
 - Level 1.7 Dodging
 - Level 3.3 Unarmed Combat
 - Level 2.0 Spellcasting
 + Level 3.7 Transmutations
 + Level 1.5 Poison Magic


You had one spell level left.
You knew the following spells:

 Your Spells              Type           Power        Failure   Level  Hunger
a - Beastly Appendage     Tmut           ##....       6%          1    ##.....
b - Sticks to Snakes      Tmut           ##......     9%          2    ###....
c - Spider Form           Tmut/Pois      #.........   28%         3    ####...


Dungeon Overview and Level Annotations

Branches:
Dungeon (3/15)

Altars:
Elyvilon
Ru
Uskayaw
Vehumet

Annotations:
D:3 KristoblXynda's ghost, amateur DrFi


Innate Abilities, Weirdness & Mutations

Your plain brown scales are hard. (AC +5)
You cannot fit into any form of body armour.
You are cold-blooded and may be slowed by cold attacks.


Message History

Your adder closely misses KristoblXynda's ghost.
KristoblXynda's ghost hits you!
* * * LOW HITPOINT WARNING * * *
You closely miss KristoblXynda's ghost.
KristoblXynda's ghost is heavily damaged.
The jackal closely misses your adder.
Your adder bites KristoblXynda's ghost but does no damage.
The jackal bites your adder but does no damage.
KristoblXynda's ghost hits you.
* * * LOW HITPOINT WARNING * * *
Your adder bites KristoblXynda's ghost.
Casting: Beastly Appendage
Confirm with . or Enter, or press ? or * to list all spells.
You miscast Beastly Appendage.
You are very lightly contaminated with residual magic.
The air around you crackles with energy!
The jackal barely misses your adder.
Your adder misses KristoblXynda's ghost.
KristoblXynda's ghost hits you!
You die...

....._.....
#.......#
#.......# .
#.....# ##
...####h####....
#..%..g.....#
####..#.#####
##...######
#...hSW@.#
########.# #.#
#.# #.# #.# #.#
#.# ##.#


You could see KristoblXynda's ghost, a jackal and a friendly adder.

Vanquished Creatures
  2 worms (D:2)
  2 dart slugs (D:1)
  4 leopard geckos
  An orc (D:3)
  6 bats
  A giant cockroach (D:2)
  11 goblins
  4 hobgoblins
  4 jackals (D:2)
  7 kobolds
  A quokka (D:2)
  2 ball pythons (D:1)
  4 frilled lizards
  4 rats
53 creatures vanquished.

Vanquished Creatures (collateral kills)
  A goblin (D:3)
  2 jackals (D:3)
3 creatures vanquished.

Grand Total: 56 creatures vanquished

Notes
Turn   | Place    | Note
-------+----------+-------------------------------------------
     0 | D:1      | lemonriz the Draconian Transmuter began the quest for the Orb.
     0 | D:1      | Reached XP level 1. HP: 16/16 MP: 3/3
    77 | D:1      | Reached XP level 2. HP: 22/23 MP: 5/5
    82 | D:1      | Learned a level 2 spell: Sticks to Snakes
   452 | D:1      | Reached XP level 3. HP: 23/28 MP: 6/6
   501 | D:1      | Learned a level 3 spell: Spider Form
   810 | D:2      | Found a white marble altar of Elyvilon.
   906 | D:2      | Reached skill level 1 in Poison Magic
  1004 | D:2      | Found a sacrificial altar of Ru.
  1388 | D:2      | Reached XP level 4. HP: 34/35 MP: 7/7
  1505 | D:3      | Noticed a hand axe
  1506 | D:3      | Noticed a dagger
  1506 | D:3      | Found a hide-covered altar of Uskayaw.
  1546 | D:3      | Found a radiant altar of Vehumet.
  1546 | D:3      | Noticed KristoblXynda's ghost (amateur DrFi)
  1577 | D:3      | Mangled by KristoblXynda's ghost

Vault maps used:
D:1:      scummos_arrival_hexagon
D:2:      nicolae_ru_the_path_less_chosen, first_ration, elyvilon_altar_4
D:3:      old_standard_altar, dancing_weapons_uskayaw

Skill      XL: |  1  2  3 |
---------------+----------+-----
Transmutations | 3 |  3.7
Poison Magic   | 1 |  1.5
Fighting       | |  1.1
Dodging        | |  1.7
Unarmed Combat | |  3.3
Spellcasting   | |  2.0

Action                   |  1- 3 |  4- 6 || total
-------------------------+-------+-------++-------
Melee: Unarmed           |   164 |    26 ||   190
       Tailslap          |    17 |     1 ||    18
       Punch             |     1 |       ||     1
       Kick              |       |     3 ||     3
 Cast: Spider Form       |     1 |       ||     1
       Sticks to Snakes  |       |     1 ||     1
       Beastly Appendage |       |     1 ||     1
  Use: Potion            |       |     6 ||     6
  Eat: Chunk             |     2 |       ||     2
Armor: Skin              |    44 |     6 ||    50
Dodge: Dodged            |   116 |    11 ||   127

Table legend:
 A = Spawn XP
 B = Non-spawn XP
 C = Spawn XP percentage of total XP
 D = Spawn monster count
 E = Non-spawn monster count
 F = Spawn count percentage of total count
 G = Total turns spent on level
                    A         B        C        D         E        F      G
               +---------+---------+-------+---------+---------+-------+---------
         Total |       0 |     106 |   0.0 |       0 |      56 |   0.0 |  1577
               +---------+---------+-------+---------+---------+-------+---------
           D:1 |       0 |      44 |   0.0 |       0 |      22 |   0.0 |   696
           D:2 |       0 |      53 |   0.0 |       0 |      28 |   0.0 |   723
           D:3 |       0 |       9 |   0.0 |       0 |       6 |   0.0 |   158
               +---------+---------+-------+---------+---------+-------+---------
